 Dungeon Crawl Stone Soup version 0.30-a0-883-g5ad918d77d (webtiles) character file.

Game seed: 8491536898278174564

79 ooooo the Conjurer (level 4, 29/30 HPs)
             Began as a Demonspawn Conjurer on Mar 16, 2023.
             Quit the game on level 3 of the Dungeon.
             The game lasted 00:06:26 (2259 turns).

ooooo the Conjurer (Demonspawn Conjurer)            Turns: 2259, Time: 00:06:26

Health: 29/30      AC:  4    Str:  8    XL:     4   Next: 17%
Magic:  5/7        EV: 12    Int: 21    God:
Gold:   79         SH:  0    Dex: 11    Spells: 4/7 levels left

rFire   . . .      SeeInvis .    u - +7 dagger
rCold   . . .      Faith    .    (no shield)
rNeg    . . .      Spirit   .    a - +1 robe
rPois   .          Reflect  .    (no helmet)
rElec   .          Rampage  .    (no cloak)
rCorr   .                        (no gloves)
Will    .....                    (no boots)
Stlth   ++                       (no amulet)
HPRegen 0.25/turn                (no ring)
MPRegen 0.10/turn                (no ring)

@: no status effects
A: rugged brown scales 1, demonic magic 1
a: no special abilities


You were on level 3 of the Dungeon.
You visited 1 branch of the dungeon, and saw 3 of its levels.

You collected 135 gold pieces.
You spent 56 gold pieces at shops.

Inventory:

Hand Weapons
 d - a +0 whip
 e - a +0 dagger
 n - a +0 short sword
 u - a +7 dagger (weapon)
Missiles
 l - 13 poisoned darts
Armour
 a - a +1 robe (worn)
 o - a +2 kite shield
 t - a +0 leather armour
Scrolls
 h - a scroll of summoning {unknown}
 k - a scroll of fear {unknown}
 m - a scroll of magic mapping {unknown}
 s - 2 scrolls of teleportation {unknown}
Potions
 b - a potion of magic
 c - a potion of might
 f - a potion of curing {unknown}
 g - 2 potions of attraction
 i - 2 potions of heal wounds {unknown}
 j - a potion of brilliance {unknown}
 p - a potion of mutation {unknown}
 q - a potion of haste
 r - a potion of lignification {unknown}


   Skills:
 - Level 1.7 Dodging
 - Level 1.7 Stealth
 - Level 2.0 Spellcasting
 + Level 5.7 Conjurations


You had 4 spell levels left.
You knew the following spells:

 Your Spells              Type           Power      Damage    Failure   Level
a - Searing Ray           Conj           52%        2d6       1%          2
b - Magic Dart            Conj           100%       1d8       1%          1

Your spell library contained the following spells:

 Spells                   Type           Power      Damage    Failure   Level
 Dazzling Flash           Conj/Hex       28%        N/A       14%         3
 Fulminant Prism          Conj/Hex       7%         3d7       41%         4
 Iskenderun's Mystic Bla  Conj/Tloc      14%        2d5       41%         4


Dungeon Overview and Level Annotations

Branches:
Dungeon (3/15) Zot: 15741

Altars:

Shops:
D:1 *


Innate Abilities, Weirdness & Mutations

You are partially covered in rugged brown scales. (AC +1, +3% HP)
Spells you cast may paralyse adjacent enemies.


Message History

The adder closely misses you.
The searing ray hits the adder!
You kill the adder!
You have reached level 4!
You feel stronger.
Your demonic ancestry asserts itself...
A menacing aura infuses your magic.
s - 2 scrolls labelled WEATOXT TACRI (gained 1)
You open the door.
Found a leather armour.
Found a stone staircase leading down.
There is an open door here.
A rat comes into view.
A rat is nearby!
A bat comes into view.
The bat hits you but does no damage.
You hit the bat.
You kill the bat!
You hit the rat.
You kill the rat!
No target in view!
You see here a bat corpse.
You see here a +0 leather armour.
Found a stone staircase leading down.
There is a stone staircase leading down here.
A kobold comes into view. It is wielding a +0 dagger.
The kobold shouts!
You hit the kobold but do no damage. The kobold hits you with a +0 dagger.
You barely miss the kobold. The kobold barely misses you.
Casting: Searing Ray (safe; 1% risk of failure)
Confirm with . or Enter, or press ? or * to list all spells.
Aiming: Searing Ray (safe; 1% risk of failure)
Press: ? - help, Shift-Dir - straight line, f - kobold
Aim: a kobold, wielding a +0 dagger (74% to hit)
The searing ray misses the kobold. (Press . to maintain the ray.) Malevolent energies surge around you.
The kobold suddenly stops moving!
Unknown command.
The helpless kobold fails to defend itself.
You hit the kobold.
You kill the kobold!
Are you sure you want to abandon this character and quit the game? (Confirm with "yes".)

#......####
#.........#####
#..#....... ..#
####..#......# #.#
# ...........#.#
#.#.#
####.##...##.###.#.
#.##..## ...
#.....# #)#
#####.#######@#
#.........#
###########


There were no monsters in sight!

Vanquished Creatures
  2 adders
  2 dart slugs
  4 bats
  5 endoplasms
  4 giant cockroaches
  6 goblins
  5 hobgoblins
  4 jackals (D:3)
  4 quokkas
  5 ball pythons
  3 frilled lizards
  3 kobolds
  3 rats
50 creatures vanquished.

Notes
Turn   | Place    | Note
-------+----------+-------------------------------------------
     0 | D:1      | ooooo the Demonspawn Conjurer began the quest for the Orb.
     0 | D:1      | Reached XP level 1. HP: 13/13 MP: 3/3
   337 | D:1      | Gained mutation: You are partially covered in rugged brown
                  | scales. (AC +1, +3% HP) [demonic ancestry]
   337 | D:1      | Reached XP level 2. HP: 13/19 MP: 0/5
   362 | D:1      | Learned a level 2 spell: Searing Ray
   539 | D:1      | Found Sucky's Assorted Antiques.
  1076 | D:2      | Reached skill level 5 in Conjurations
  1076 | D:2      | Reached XP level 3. HP: 23/24 MP: 1/6
  1120 | D:2      | Found Hamuy's Book Shoppe.
  1526 | D:1      | Bought a scroll labelled PIUD GANKE for 28 gold pieces
  1528 | D:1      | Bought a scroll labelled FUISKA RURISA for 28 gold pieces
  2169 | D:3      | Gained mutation: Spells you cast may paralyse adjacent
                  | enemies. [demonic ancestry]
  2169 | D:3      | Reached XP level 4. HP: 30/30 MP: 3/7
  2259 | D:3      | Quit the game

Illustrated notes

Levels and vault maps discovered:
D:1:      kennysheep_arrival_forest, layout_rooms, serial_shops, shop_statue
D:2:      layout_rooms, serial_shops, nicolae_shop_advertising_works
          [nicolae_subvault_shop_adworks]
D:3:      layout_loops_corners, tgw_fedhas, lemuel_zombie_altar_kikubaaqudgha,
          grunt_ministairs_1, minmay_misc_feat_rows, minmay_misc_feat_enclosed

Skill      XL: |  1  2 |
---------------+-------+-----
Conjurations   | 5 |  5.7
Dodging        | |  1.7
Stealth        | |  1.7
Spellcasting   | |  2.0

Action                     |  1- 3 |  4- 6 || total
---------------------------+-------+-------++-------
  Melee: Dagger            |    17 |     5 ||    22
         Whip              |     1 |       ||     1
         Short sword       |    31 |       ||    31
         Punch             |     1 |       ||     1
   Cast: Magic Dart        |    17 |       ||    17
         Searing Ray       |    26 |     1 ||    27
    Use: Scroll            |     3 |       ||     3
   Stab: Sleeping          |     1 |       ||     1
         Paralysed         |       |     1 ||     1
 Armour: Robe              |    23 |     1 ||    24
  Dodge: Dodged            |    39 |     1 ||    40

Table legend: (Time is in decaauts)
 A = Elapsed time spent in this place.
 B = Non-inter-level travel time spent in this place.
 C = Inter-level travel time spent in this place.
 D = Time resting spent in this place.
 E = Time spent auto-exploring this place.
 F = Levels seen in this place.
 G = Mean time per level.
                   A        B        C        D        E       F      G
               +--------+--------+--------+--------+--------+-----+--------+
         Total |   2258 |   2155 |    103 |    281 |   1417 |   3 |  752.7 |
       Dungeon |   2258 |   2155 |    103 |    281 |   1417 |   3 |  752.7 |
               +--------+--------+--------+--------+--------+-----+--------+

Top non-repeatable levels by time:
     D:1: 989 daAuts
     D:3: 651 daAuts
     D:2: 618 daAuts
